 Seeded DCSS version 0.29-a0-25-g7f48f510a0 (webtiles) character file.

Game seed: 10000000000011 (custom seed)

136887 knot the Severer (level 16, -1/123 HPs)
             Began as a Demonspawn Berserker on Jan 31, 2022.
             Was a Priest of Trog.
             Slain by a tarantella (9 damage)
             ... on level 2 of the Spider Nest.
             The game lasted 01:21:57 (44941 turns).

knot the Severer (Demonspawn Berserker)            Turns: 44941, Time: 01:21:58

Health: -1/123     AC: 13    Str: 16 (17) XL:     16   Next: 67%
Magic:  0/16       EV: 28    Int: 14 (15) God:    Trog [***...]
Gold:   2297       SH:  0    Dex: 14 (15) Spells: 15/15 levels left

rFire   + + .      SeeInvis +   G - +3 battleaxe (flame)
rCold   + + .      Faith    .   (shield currently unavailable)
rNeg    . . .      Spirit   +   K - +1 chain mail of Urghimes {Fly rPois rC+ Slay-2 Stlth+}
rPois   +          Reflect  .   V - +1 helmet {SInv}
rElec   +          Harm     .   J - +2 cloak {Stlth+}
rCorr   +          Rampage  .   (gloves unavailable)
Will    ++...                   a - +2 pair of boots of Prudence {rF+}
Stlth   +.........              t - amulet of the acrobat
HPRegen 0.30/turn               E - ring of willpower
MPRegen 0.30/turn               h - ring of resist corrosion

@: confused, resistant, ambrosia-drunk, corroded, acrobatic, flying
A: powered by death 2, magic shield, magic regeneration, magic link, sturdy
frame 2, demonic touch 3
a: Renounce Religion, Berserk, Trog's Hand


You were on level 2 of the Spider Nest.
You worshipped Trog.
Trog was most pleased with you.
You visited 4 branches of the dungeon, and saw 25 of its levels.
You also visited: Gauntlet.

You collected 2827 gold pieces.
You spent 530 gold pieces at shops.

Inventory:

Hand Weapons
 G - a +3 battleaxe of flaming (weapon)
 I - a +0 battleaxe of draining
Missiles
 i - a poisoned dart
 p - 6 curare-tipped darts
 A - 72 stones (quivered)
 D - a throwing net
 U - 59 sling bullets
Armour
 a - the +2 pair of boots of Prudence (worn) {rF+}
   (You acquired it on level 3 of the Lair of Beasts)

   rF:        It protects you from fire.
 o - a +1 cloak of poison resistance
 q - the +1 cloak "Leseickes" {Harm +Blink Dex+3}
   (You found it on level 1 of the Spider Nest)

   Dex:       It affects your dexterity (+3).
   +Blink:    It lets you blink.
   Harm:      It increases damage dealt and taken.
 r - a +2 robe of fire resistance
 B - a +2 robe of cold resistance
 C - the +3 hat of Pondering {ponderous, Will+ MP+10 Int+5}
   (You found it on level 8 of the Dungeon)

   Int:       It affects your intelligence (+5).
   MP:        It affects your magic capacity (+10).
   Will:      It increases your willpower.
 J - a +2 cloak of stealth (worn)
 K - the +1 chain mail of Urghimes (worn) {Fly rPois rC+ Slay-2 Stlth+}
   (You bought it in a shop on level 3 of the Dungeon)

   Slay:      It affects your accuracy & damage with ranged weapons and melee
   (-2).
   rC:        It protects you from cold.
   rPois:     It protects you from poison.
   Fly:       It grants you flight.
   Stlth:     It makes you more stealthy.
 P - +0 acid dragon scales
 V - a +1 helmet of see invisible (worn)
 X - the +0 helmet "Xenicw" {rC+}
   (You found it in a Gauntlet)

   rC:        It protects you from cold.
Jewellery
 d - a ring of protection from fire
 f - a +6 ring of strength
 h - a ring of resist corrosion (right hand)
 t - an amulet of the acrobat (around neck)
 E - a ring of willpower (left hand)
 S - a ring of magical power
Wands
 j - a wand of digging (4)
 M - a wand of paralysis (2)
 Z - a wand of mindburst (6)
Scrolls
 b - 3 scrolls of holy word
 c - 2 scrolls of amnesia
 n - 4 scrolls of fog
 u - 3 scrolls of teleportation
 y - 2 scrolls of magic mapping
 L - 3 scrolls of vulnerability
 R - 4 scrolls of silence
 W - 4 scrolls of identify
Potions
 e - 3 potions of curing
 g - 2 potions of flight
 k - 2 potions of invisibility
 l - a potion of cancellation
 s - 3 potions of brilliance
 z - 2 potions of resistance
 F - 5 potions of attraction
 H - 2 potions of haste {unknown}
 O - 3 potions of might
 Q - 2 potions of magic


   Skills:
 * Level 10.5 Fighting
 - Level 20.7 Axes
 * Level 11.2 Throwing
 * Level 9.4 Armour
 * Level 9.4 Dodging


You had 15 spell levels left.
You didn't know any spells.
Your spell library contained the following spells:

 Spells                   Type           Power      Damage    Failure   Level
 Foxfire                  Conj/Fire      0%         2x1d4     71%         1
 Pain                     Necr           0%         1d4       71%         1
 Sandblast                Erth           0%         2d4       71%         1
 Slow                     Hex            0%         N/A       71%         1
 Corpse Rot               Necr/Air       0%         N/A       85%         2
 Ensorcelled Hibernation  Hex/Ice        0%         N/A       85%         2
 Passwall                 Tmut/Erth      0%         N/A       85%         2
 Poisonous Vapours        Pois/Air       0%         N/A       85%         2
 Static Discharge         Conj/Air       0%         N/A       85%         2
 Confusing Touch          Hex            0%         N/A       97%         3
 Conjure Flame            Conj/Fire      0%         6-21      97%         3
 Dazzling Flash           Conj/Hex       0%         N/A       97%         3
 Inner Flame              Hex/Fire       0%         N/A       97%         3
 Ozocubu's Armour         Ice            0%         N/A       97%         3
 Stone Arrow              Conj/Erth      0%         3d7       97%         3
 Summon Guardian Golem    Hex/Summ       0%         N/A       97%         3
 Swiftness                Air            0%         N/A       97%         3
 Tukima's Dance           Hex            0%         N/A       97%         3
 Vampiric Draining        Necr           0%         2d6       97%         3
 Anguish                  Hex/Necr       0%         N/A       100%        4
 Animate Armour           Summ/Erth      0%         N/A       100%        4
 Flame Wave               Conj/Fire      0%         2d4       100%        4
 Passage of Golubria      Tloc           0%         N/A       100%        4
 Agony                    Necr           0%         N/A       100%        5
 Excruciating Wounds      Necr           0%         N/A       100%        5
 Lightning Bolt           Conj/Air       0%         1d11      100%        5
 Metabolic Englaciation   Hex/Ice        0%         N/A       100%        5
 Silence                  Hex/Air        0%         N/A       100%        5
 Yara's Violent Unravell  Hex/Tmut       0%         3d3       100%        5
 Simulacrum               Ice/Necr       0%         N/A       100%        6
 Enfeeble                 Hex            0%         N/A       100%        7
 Orb of Destruction       Conj           0%         9d5       100%        7
 Spellforged Servitor     Conj/Summ      0%         N/A       100%        7
 Lehudib's Crystal Spear  Conj/Erth      0%         10d2      100%        8
 Maxwell's Capacitive Co  Air            0%         ∞         100%        8


Dungeon Overview and Level Annotations

Branches:
Dungeon (15/15)            Temple (0/1) D:4            Lair (6/6) D:9
  Swamp (0/4) Lair:2       Spider (2/4) Lair:3        Slime (0/5) Lair:6
    Orc (2/2) D:12            Elf (0/3) Orc:2        Vaults (0/5) D:14
 Depths (0/4) D:15        Gauntlet (visited)

Altars:
Dithmenos
Hepliaklqana
Kikubaaqudgha
Okawaru
Ru
Uskayaw
Jiyva

Shops:
D:3 [   D:8 :   Orc:2 (([(


Innate Abilities, Weirdness & Mutations

You regenerate health from kills.
When hurt, damage is shared between your health and your magic reserves.
You regenerate magic rapidly.
When low on magic, you restore magic in place of health.
Your movements are less encumbered by armour. (ER -4)
Your touch may irresistibly damage your foes and sap their willpower.


Message History

Found a scroll of teleportation.
The tarantella hisses angrily.
You hear an angry buzzing noise.
The meliai completely misses you. The meliai closely misses you.
Unknown command.
Okay, then.
You feel better.
You recover from your berserk rage.
The meliai hits you but does no damage. The meliai stings you.
* * * LOW HITPOINT WARNING * * *
The meliai calls down the wrath of its god upon you.
Something smites you!
* * * LOW HITPOINT WARNING * * *
The meliai hits you with a +0 hand axe.
* * * LOW HITPOINT WARNING * * *
The meliai barely misses you.
Okay, then.
You are confused.
You feel invigorated.
The jumping spider hisses angrily.
The meliai hits you with a +0 hand axe.
* * * LOW HITPOINT WARNING * * *
The meliai stings you!
* * * LOW HITPOINT WARNING * * *
The jumping spider leaps!
The meliai barely misses you.
The meliai stings you but does no damage.
Found a throwing net.
The tarantella barely misses you.
The meliai mumbles some strange prayers to its god against you.
Something smites you!
* * * LOW HITPOINT WARNING * * *
The meliai hits you but does no damage. The meliai misses you.
The meliai hits you with a +0 hand axe.
* * * LOW HITPOINT WARNING * * *
The meliai stings you.
* * * LOW HITPOINT WARNING * * *
The moth of wrath goads the redback on!
The redback goes berserk!
The moth of wrath goads the tarantella on!
The tarantella goes berserk!
The meliai completely misses you. x2
The meliai hits you but does no damage. The meliai closely misses you.
The redback completely misses you. The tarantella touches you!!
You die...

.. #....
#.#((#..#.#>........ ...
##.. #.....s.#.^.(#####..
.#. .....
#.....((.(..†^.(...#
......#.#..#..(....y..##..
#....#....#...#.....s..
#.....#.....#.#<...#...?.
.....#.#.y...#.#...##..#.#
#......#ysy....###..s##...
^....#..#@s<.#.# ....##^.
..^#^#.....#^##? s#..#...
......###.....# #....#.
#.(. .......# .#^.. ...
#.....#.# #.. ..
#....#.^.# #.. #.#....#.#
#...#^...#


You could see a moth of wrath, a jumping spider, a tarantella (berserk), a
redback (berserk) and 2 meliai.

Vanquished Creatures
  Rupert (Lair:5)
  A sphinx (D:15)
  Kirke (D:12)
  A ghost moth (Spider:1)
  An ironbound preserver (D:14)
  2 broodmothers
  4 entropy weavers (Spider:1)
  A dire elephant (Gauntlet)
  A minotaur (Gauntlet)
  The ghost of Lupesig the Peltast, a journeyman MiFi of Trog (Lair:3)
  An ettin (D:15)
  The ghost of knot the Severer, a journeyman DsBe of Trog (Lair:3)
  A rakshasa (D:14)
  A yaktaur captain (D:15)
  4 boulder beetles
  3 ogre magi
  13 hydras
  3 centaur warriors
  Harold (D:8)
  2 death knights
  Erica (D:8)
  22 two-headed ogres
  5 death yaks
  A pharaoh ant (Spider:1)
  The ghost of damiac the Martial Artist, a novice GnTm of Yredelemnul (D:8)
  A skeletal warrior (D:13)
  2 deep trolls
  2 goliath frogs (Lair:6)
  3 steelbarb worms (Spider:1)
  6 orb spiders
  A wizard (D:15)
  An orc knight (D:15)
  A necromancer (D:15)
  10 wolf spiders
  2 orc sorcerers
  2 deep elf pyromancers
  2 manticores (D:12)
  3 ugly things
  8 cyclopes
  4 moths of wrath
  6 black mambas
  10 elephants
  A naga mage (D:15)
  25 cane toads
  A torpor snail (Spider:1)
  A gargoyle (D:14)
  Joseph (D:7)
  An ice statue (Gauntlet)
  5 rime drakes
  3 unseen horrors
  A yaktaur (D:15)
  13 komodo dragons
  An efreet (D:15)
  8 freezing wraiths
  5 demonic crawlers (Spider:1)
  A kobold demonologist (D:5)
  9 trolls
  3 meliai (Spider:1)
  3 tyrant leeches (Lair:6)
  3 polar bears
  13 tarantellas
  Prince Ribbit (D:8)
  23 blink frogs
  11 dream sheep
  10 jumping spiders
  9 slime creatures
  6 culicivoras (Spider:1)
  A jumping spider (shapeshifter) (D:14)
  4 flying skulls (Gauntlet)
  A yak (shapeshifter) (D:15)
  32 yaks
  A shadow (D:13)
  3 wraiths
  3 hogs
  4 basilisks
  25 redbacks
  18 vampire mosquitoes
  An acid dragon (D:9)
  17 water moccasins
  13 orc warriors
  3 black bears
  A necrophage (D:6)
  An ice beast (D:7)
  23 ogres
  8 centaurs
  36 wolves
  A phantom (D:6)
  A kobold brigand (D:7)
  5 scorpions
  2 wyvern zombies (D:7)
  16 bullfrogs
  A wyvern skeleton (D:7)
  Dowan (D:4)
  A hornet simulacrum (D:15)
  8 killer bees (D:9)
  9 wights
  7 howler monkeys
  5 centaur zombies
  7 orc priests
  3 hounds
  2 jellies
  2 bullfrog skeletons
  4 centaur skeletons
  A gnoll shaman (Orc:1)
  Ijyb (D:4)
  8 orc wizards
  A scorpion zombie (D:5)
  4 gnolls (Orc:1)
  7 adders
  A shadow imp (D:7)
  A white imp (D:5)
  A worm (Lair:1)
  35 orcs
  6 endoplasms
  2 giant cockroaches
  5 goblins
  5 hobgoblins
  14 jackals
  A quokka (D:4)
  4 ball pythons
  7 bats
  5 frilled lizards
  7 kobolds
  5 rats
687 creatures vanquished.

Vanquished Creatures (collateral kills)
  2 entropy weavers
  Snorg (Lair:3)
  A deep elf pyromancer (D:14)
  2 cane toads
  A tengu conjurer (D:14)
  A blink frog (Lair:6)
  A vampire mosquito (Lair:6)
  2 redbacks (Spider:1)
  A scorpion (D:5)
12 creatures vanquished.

Vanquished Creatures (others)
  52 fungi
  124 plants
  6 withered plants (Lair:3)
182 creatures vanquished.

Grand Total: 881 creatures vanquished

Notes
Turn   | Place    | Note
-------+----------+-------------------------------------------
     0 | D:1      | knot the Demonspawn Berserker began the quest for the Orb.
     0 | D:1      | Reached XP level 1. HP: 18/18 MP: 1/1
   106 | D:1      | Reached skill level 3 in Axes
   329 | D:1      | Gained mutation: You regenerate magic rapidly. [demonic
                  | ancestry]
   329 | D:1      | Reached XP level 2. HP: 22/24 MP: 2/2
   883 | D:1      | Reached ** piety under Trog
  1159 | D:2      | Gained mutation: Your touch may inflict minor irresistible
                  | damage on your foes. [demonic ancestry]
  1159 | D:2      | Reached XP level 3. HP: 29/29 MP: 3/3
  1225 | D:2      | Reached skill level 4 in Axes
  2037 | D:2      | Reached XP level 4. HP: 24/35 MP: 4/4
  2568 | D:3      | Noticed an ogre
  2577 | D:3      | Killed an ogre
  2578 | D:3      | Reached skill level 5 in Axes
  2578 | D:3      | Reached skill level 1 in Throwing
  2578 | D:3      | Reached XP level 5. HP: 41/41 MP: 5/5
  2666 | D:3      | Found Daocsar's Antique Armour Emporium.
  3231 | D:4      | Noticed Duvessa
  3231 | D:4      | Noticed Dowan
  3232 | D:4      | Noticed Duvessa
  3232 | D:4      | Duvessa changed into Duvessa the wolf
  3232 | D:4      | Noticed Ijyb
  3469 | D:4      | Killed Duvessa the wolf
  3470 | D:4      | Gained mutation: Your touch may inflict irresistible damage
                  | on your foes. [demonic ancestry]
  3470 | D:4      | Reached XP level 6. HP: 24/47 MP: 6/6
  3470 | D:4      | Killed Dowan
  3684 | D:4      | Found a staircase to the Ecumenical Temple.
  3717 | D:4      | Killed Ijyb
  3837 | D:4      | Reached skill level 6 in Axes
  4372 | D:5      | Entered Level 5 of the Dungeon
  4421 | D:5      | Noticed a kobold demonologist
  4432 | D:5      | Killed a kobold demonologist
  4433 | D:5      | Gained mutation: When hurt, damage is shared between your
                  | health and your magic reserves. [demonic ancestry]
  4433 | D:5      | Reached XP level 7. HP: 52/52 MP: 7/7
  4758 | D:5      | Reached skill level 7 in Axes
  4835 | D:5      | Reached skill level 5 in Throwing
  4835 | D:5      | Gained mutation: You regenerate a little health from kills.
                  | [demonic ancestry]
  4835 | D:5      | Reached XP level 8. HP: 58/58 MP: 5/8
  5450 | D:5      | Found a hide-covered altar of Uskayaw.
  5950 | D:6      | Reached *** piety under Trog
  5951 | D:6      | Reached skill level 8 in Axes
  6809 | D:6      | Found an iron altar of Okawaru.
  7256 | D:7      | Found a sacrificial altar of Ru.
  7312 | D:7      | Gained mutation: Your touch may irresistibly damage your
                  | foes and sap their willpower. [demonic ancestry]
  7312 | D:7      | Reached XP level 9. HP: 63/63 MP: 7/9
  7415 | D:7      | Noticed Joseph
  7428 | D:7      | Killed Joseph
  7429 | D:7      | Reached skill level 9 in Axes
  8722 | D:8      | Noticed Erica
  8742 | D:8      | Killed Erica
  9310 | D:8      | Noticed Prince Ribbit
  9327 | D:8      | Killed Prince Ribbit
  9328 | D:8      | Reached skill level 10 in Axes
  9427 | D:8      | Found the +3 hat of Pondering {ponderous, Will+ MP+10
                  | Int+5}
  9501 | D:8      | Noticed Harold
  9515 | D:8      | Killed Harold
  9516 | D:8      | Reached XP level 10. HP: 70/70 MP: 8/10
 10397 | D:8      | Found Yhyquem's Self-Improvement Boutique.
 10488 | D:8      | Found a large runed translucent door.
 10488 | D:8      | Found a large runed translucent door.
 10489 | D:8      | Noticed damiac's ghost (novice GnTm)
 10566 | D:8      | Noticed a two-headed ogre
 10584 | D:8      | Killed a two-headed ogre
 11096 | D:8      | Killed damiac's ghost
 11097 | D:8      | Reached skill level 11 in Axes
 11229 | D:3      | Bought a runed cloak for 150 gold pieces
 11229 | D:3      | Bought an ichor-stained chain mail for 190 gold pieces
 11229 | D:3      | Identified the +1 chain mail of Urghimes {Fly rPois rC+
                  | Slay-2 Stlth+} (You bought it in a shop on level 3 of the
                  | Dungeon)
 11249 | D:3      | Bought a translucent kite shield for 190 gold pieces
 11249 | D:3      | Identified the +3 kite shield of the Game Afoot {rElec rF+
                  | Int-5} (You bought it in a shop on level 3 of the Dungeon)
 12245 | D:9      | Reached skill level 12 in Axes
 12604 | D:9      | Found a staircase to the Lair.
 13479 | D:10     | Entered Level 10 of the Dungeon
 13576 | D:10     | Found an ancient bone altar of Kikubaaqudgha.
 13795 | Lair:1   | Entered Level 1 of the Lair of Beasts
 13805 | Lair:1   | Noticed a black mamba
 13816 | Lair:1   | Killed a black mamba
 13817 | Lair:1   | Gained mutation: Your movements are slightly less
                  | encumbered by armour. (ER -2) [demonic ancestry]
 13817 | Lair:1   | Reached XP level 11. HP: 75/75 MP: 11/11
 14548 | Lair:1   | Noticed a five-headed hydra
 14567 | Lair:1   | Reached skill level 13 in Axes
 14820 | Lair:1   | Killed a three-headed hydra
 15321 | Lair:1   | Noticed Maggie
 15323 | Lair:1   | Noticed Maggie
 15323 | Lair:1   | Maggie changed into Maggie the worm
 15328 | Lair:1   | Killed Maggie the worm
 15455 | Lair:1   | Reached skill level 14 in Axes
 16900 | Lair:2   | Found a staircase to the Swamp.
 16932 | Lair:2   | Reached skill level 15 in Axes
 17470 | Lair:2   | Reached skill level 10 in Throwing
 17470 | Lair:2   | Gained mutation: When low on magic, you restore magic in
                  | place of health. [demonic ancestry]
 17470 | Lair:2   | Reached XP level 12. HP: 81/81 MP: 12/12
 17549 | Lair:2   | Noticed a six-headed hydra
 17559 | Lair:2   | Killed a four-headed hydra
 19462 | Lair:3   | Identified a scroll of acquirement
 19462 | Lair:3   | Acquired the +2 pair of boots of Prudence {rF+}
 19726 | Lair:3   | Noticed Snorg
 19737 | Lair:3   | Killed Snorg
 19738 | Lair:3   | Reached skill level 16 in Axes
 19888 | Lair:3   | Found a hole to the Spider Nest.
 19897 | Lair:3   | Noticed a seven-headed hydra
 19914 | Lair:3   | Killed a two-headed hydra
 20433 | Lair:3   | Found a runed translucent gate.
 20433 | Lair:3   | Found a runed translucent gate.
 20434 | Lair:3   | Found a runed translucent gate.
 20481 | Lair:3   | Noticed knot's ghost (journeyman DsBe)
 20481 | Lair:3   | Noticed Lupesig's ghost (journeyman MiFi)
 20517 | Lair:3   | Reached **** piety under Trog
 21989 | D:10     | Reached skill level 17 in Axes
 22309 | D:10     | Found a hazy altar of Hepliaklqana.
 22572 | D:11     | Noticed a two-headed ogre
 22589 | D:11     | Killed a two-headed ogre
 22590 | D:11     | Reached XP level 13. HP: 19/86 MP: 5/13
 23476 | D:12     | Noticed Kirke
 23663 | D:12     | Noticed a sphinx
 23676 | D:12     | Killed Kirke
 24634 | D:12     | Reached skill level 18 in Axes
 25446 | D:12     | Found a staircase to the Orcish Mines.
 27364 | D:13     | Reached skill level 19 in Axes
 28266 | D:14     | Found a gate to the Vaults.
 28266 | D:14     | Noticed an ironbound preserver
 28282 | D:14     | Killed an ironbound preserver
 28621 | D:14     | Gained mutation: Your movements are less encumbered by
                  | armour. (ER -4) [demonic ancestry]
 28621 | D:14     | Reached XP level 14. HP: 40/93 MP: 14/14
 29963 | Orc:1    | Entered Level 1 of the Orcish Mines
 30323 | Orc:2    | Entered Level 2 of the Orcish Mines
 30648 | Orc:2    | Reached skill level 20 in Axes
 32176 | Orc:2    | Found Pext's Antique Weapon Shop.
 32178 | Orc:2    | Found Isumof's Weapon Shoppe.
 32182 | Orc:2    | Found Plog's Antique Weapon Shoppe.
 32182 | Orc:2    | Found Cops's Armour Emporium.
 32250 | Orc:2    | Found a staircase to the Elven Halls.
 32628 | D:15     | Entered Level 15 of the Dungeon
 32719 | D:15     | Found a gate leading to a gauntlet.
 32726 | Gauntlet | Entered a Gauntlet
 32726 | Gauntlet | Found a transporter.
 32726 | Gauntlet | Found a transporter.
 32743 | Gauntlet | Found a transporter.
 32757 | Gauntlet | Found a transporter.
 32757 | Gauntlet | Found a transporter.
 32760 | Gauntlet | Found a transporter.
 32760 | Gauntlet | Found a transporter.
 32772 | Gauntlet | Found a transporter.
 32790 | Gauntlet | Found a transporter.
 32800 | Gauntlet | Found a transporter.
 32815 | Gauntlet | Found a transporter.
 32828 | Gauntlet | Found a transporter.
 32835 | Gauntlet | Found a transporter.
 32848 | Gauntlet | Found a transporter.
 33272 | Gauntlet | Identified the +0 helmet "Xenicw" {rC+}
 33422 | Gauntlet | Identified the +1 scale mail of Wrong Decisions {Will+
                  | Str+2 Dex+3}
 34088 | D:15     | Found a staircase to the Depths.
 34214 | D:15     | Reached skill level 5 in Fighting
 34322 | D:14     | Gained mutation: You regenerate health from kills. [demonic
                  | ancestry]
 34322 | D:14     | Reached XP level 15. HP: 35/104 MP: 15/15
 34766 | D:15     | Reached skill level 5 in Dodging
 34779 | D:15     | Reached skill level 5 in Armour
 34924 | D:15     | Found a shadowy altar of Dithmenos.
 35338 | D:15     | Noticed a sphinx
 35357 | D:15     | Killed a sphinx
 36001 | Lair:4   | Identified the amulet of Risuwni {Acrobat Contam Str+7}
 36645 | Lair:5   | Noticed Rupert
 36669 | Lair:5   | Killed Rupert
 37716 | Lair:6   | Entered Level 6 of the Lair of Beasts
 37867 | Lair:6   | Reached ***** piety under Trog
 39337 | Lair:6   | Reached XP level 16. HP: 100/119 MP: 16/16
 39525 | Lair:6   | Found a viscous altar of Jiyva.
 39525 | Lair:6   | Found a staircase to the Slime Pits.
 39898 | Spider:1 | Entered Level 1 of the Spider Nest
 40200 | Lair:3   | Killed Lupesig's ghost
 40204 | Lair:3   | Killed knot's ghost
 41483 | Lair:3   | Received a gift from Trog
 42301 | Spider:1 | Reached skill level 10 in Fighting
 42921 | Spider:1 | Identified the +1 cloak "Leseickes" {Harm +Blink Dex+3}
 44899 | Spider:2 | HP: 5/184 [meliai/divine providence (10)]
 44902 | Spider:2 | HP: 1/123 [boulder beetle (2)]
 44938 | Spider:2 | HP: 6/123 [meliai (5)]
 44941 | Spider:2 | Slain by a tarantella

Illustrated notes

Levels and vault maps discovered:
D:1:      lordsloth_arrival_two_stooges, layout_basic, grunt_decor_fettered,
          minmay_misc_feat_diagonals, nicolae_concentric_dashed_squares_wild
D:2:      layout_rooms, hangedman_decor_clover_reticule
D:3:      layout_basic, serial_shops, shop, kennysheep_path_1
D:4:      layout_rooms, temple_doors_e, uniq_duvessa, uniq_ijyb
D:5:      layout_loops_cross, nicolae_uskayaw_suspiria, item_on_display_a
D:6:      layout_rooms, nicolae_overflow_hidden_temple, grunt_ministairs_6
D:7:      layout_loops_ring, nicolae_ru_awakened_eye, palyth_stone_intersect,
          minmay_misc_feat_alley, minivault_27, uniq_joseph
D:8:      layout_loops_ring, ebering_ghost_disaster_area,
          nicolae_shop_self_help, uniq_harold, uniq_erica, uniq_prince_ribbit1
D:9:      layout_grid_maze, grunt_lair_entry_orc_guard_hut
D:10:     layout_loops_cross, mainiacjoe_overflow_alcove_2,
          kennysheep_little_box
D:11:     layout_rooms, lemuel_flamethrower_hall
D:12:     layout_grid_maze, orc_0_dummy, dreamdust_deal_with_the_devil,
          kennysheep_generic_room_15, uniq_kirke
D:13:     layout_basic
D:14:     layout_rooms, skrybe_vaults_entry_preservation,
          small_statue_intersection
D:15:     grunt_enter_depths_magical_seal, layout_rooms, gauntlet_entry_generic,
          nicolae_dithmenos_shadow_blocks, minmay_radiant
Lair:1:   layout_small_grid, minivault_27, grunt_forest_small_clearing_treed,
          uniq_maggie
Lair:2:   layout_cave_pods, swamp_mist_pool
Lair:3:   layout_cave_pods, dummy_spider_entry, gammafunk_ghost_cemetery,
          beast_lair_carwin_4, uniq_snorg
Lair:4:   layout_loops_ring, serial_forest, infiniplex_forest_clump_long,
          infiniplex_forest_clump_small, infiniplex_forest_3_way,
          infiniplex_forest_lined_1
Lair:5:   layout_roguey, grunt_forest_stairs_basic, uniq_rupert
Lair:6:   minmay_lair_end_frog_pond, layout_small_grid,
          dpeg_slime_entry_enclosed_altar
Spider:1: cheibrodos_spider_silkery, nicolae_spider_moth_buddies
Spider:2: layout_spider_delve
Orc:1:    layout_diamond_mine
Orc:2:    st_orc_open, layout_caves

Skill      XL: |  1  2  3  4  5  6  7  8  9 10 11 12 13 14 15 16 |
---------------+-------------------------------------------------+-----
Axes           | 3 4 5 6 7 8 10 12 15 17 19 20 | 20.7
Throwing       | 1 2 4 5 6 9 10 11 | 11.2
Armour         | 4 7 9 |  9.4
Dodging        | 4 7 9 |  9.4
Fighting       | 5 8 10 | 10.5

Action                   |  1- 3 |  4- 6 |  7- 9 | 10-12 | 13-15 | 16-18 || total
-------------------------+-------+-------+-------+-------+-------+-------++-------
Melee: Hand axe          |   122 |    77 |       |   293 |       |       ||   492
       Touch             |     8 |    12 |    34 |    12 |       |       ||    66
       Punch             |       |     2 |     2 |     2 |       |       ||     6
       War axe           |       |    10 |   194 |    43 |       |       ||   247
       Battleaxe         |       |       |       |   456 |  1266 |   337 ||  2059
       Scimitar          |       |       |       |     5 |       |       ||     5
Throw: Dart              |       |     2 |    16 |    19 |    70 |    51 ||   158
       Stone             |       |     3 |     5 |    12 |     2 |    23 ||    45
       Boomerang         |       |       |     7 |   153 |    34 |       ||   194
       Throwing net      |       |       |       |     1 |       |       ||     1
       Javelin           |       |       |       |       |     4 |    14 ||    18
Invok: Berserk           |     2 |     7 |    13 |    19 |    41 |    15 ||    97
       Trog's Hand       |       |       |       |     2 |     1 |     2 ||     5
       Brothers in Arms  |       |       |       |       |     5 |     4 ||     9
Evoke: Wand              |       |     1 |     3 |     1 |     6 |       ||    11
  Use: Scroll            |       |       |       |    16 |    17 |     8 ||    41
       Potion            |       |       |       |     5 |     1 |     8 ||    14
 Stab: Sleeping          |     2 |       |     1 |       |     1 |     1 ||     5
Armor: Animal skin       |    25 |     7 |       |       |       |       ||    32
       Robe              |       |     1 |    28 |    11 |       |       ||    40
       Chain mail        |       |       |       |   458 |   650 |   283 ||  1391
       Skin              |       |       |       |     6 |       |       ||     6
Dodge: Dodged            |    78 |    77 |   107 |   265 |   746 |   326 ||  1599
Block: Other             |    29 |    13 |    40 |   127 |       |       ||   209
       Reflection        |       |     1 |     4 |       |       |       ||     5
       Kite shield       |       |       |       |   255 |       |       ||   255

Table legend: (Time is in decaauts)
 A = Elapsed time spent in this place.
 B = Non-inter-level travel time spent in this place.
 C = Inter-level travel time spent in this place.
 D = Time resting spent in this place.
 E = Time spent auto-exploring this place.
 F = Levels seen in this place.
 G = Mean time per level.
                   A        B        C        D        E       F      G
               +--------+--------+--------+--------+--------+-----+--------+
         Total |  46290 |  44311 |   1979 |  20563 |  17581 |  26 | 1780.4 |
       Dungeon |  26455 |  25131 |   1324 |  11884 |  10192 |  15 | 1763.7 |
          Lair |  13509 |  13038 |    471 |   5786 |   5603 |   6 | 2251.5 |
   Spider Nest |   3187 |   3136 |     51 |   1856 |    635 |   2 | 1593.5 |
  Orcish Mines |   2349 |   2217 |    132 |    813 |    935 |   2 | 1174.5 |
      Gauntlet |    787 |    787 |      0 |    222 |    214 |   1 |  787.0 |
               +--------+--------+--------+--------+--------+-----+--------+

Top non-repeatable levels by time:
  Lair:3: 4372 daAuts
Spider:1: 3060 daAuts
     D:8: 3023 daAuts
    D:14: 2778 daAuts
    D:12: 2759 daAuts
  Lair:1: 2683 daAuts
  Lair:2: 2388 daAuts
    D:13: 2353 daAuts
     D:9: 2048 daAuts
    D:10: 1832 daAuts
  Lair:6: 1738 daAuts
     D:5: 1724 daAuts
    D:15: 1512 daAuts
     D:7: 1511 daAuts
  Lair:5: 1417 daAuts
